[Event "Late-Titled-Tuesday-Blitz-February-06-2024"]
[Site "Chess.com"]
[Date "2024.02.06"]
[Round "3"]
[White "Boninknights"]
[Black "neri_gaite"]
[Result "1-0"]
[WhiteElo "2349"]
[BlackElo "2024"]
[TimeControl "180+1"]
[EndTime "14:29:32 PST"]
[Termination "Boninknights won by resignation"]

1. d4 d5 2. Nf3 Nf6 3. c4 e6 4. Nc3 Be7 5. Bg5 O-O 6. e3 h6 7.
Bh4 b6 8. Rc1 Bb7 9. Bxf6 Bxf6 10.
cxd5 exd5 11. b4 Nc6 12. b5 Ne7 13. Be2 Rc8 14. O-O c6 15. bxc6 Nxc6 16. Qa4 Na5 17. Rfd1 Nc4 18. Bxc4 Rxc4 19. Qxa7 Qc7 20. Qa3 Ra8 21.
Qb2 Be7 22. Ne5 Ba3 23. Qb3 Bxc1 24. Rxc1 Rc8 25. Nxc4 dxc4 26. Qb5 Ra8 27. h3 Ra5 28. Qb4 Rg5 29. d5 Bxd5 30. Nxd5 Rxd5 31. g3 Rc5 32. Rc3 Qc6 33. a4 Qe6 34. a5 Rxa5 35. Qxc4 Qxh3 36.
Qc8+ Kh7 37. Qxh3 Ra1+ 38. Kg2 g6 39. Qd7 Kg7 40. Rc7 1-0

[Event "Late-Titled-Tuesday-Blitz-February-06-2024"]
[Site "Chess.com"]
[Date "2024.02.06"]
[Round "3"]
[White "steepedgames"]
[Black "Reality-Stone"]
[Result "0-1"]
[WhiteElo "2434"]
[BlackElo "2628"]
[TimeControl "180+1"]
[EndTime "14:29:34 PST"]
[Termination "Reality-Stone won by resignation"]

1. d4 e6 2. e4 d5 3. Nc3 Nf6 4. Bg5 dxe4 5. Nxe4 Nbd7 6. Bd3 Be7 7. Ng3 b6 8. Nf3 Bb7 9. O-O h6 10. Bd2 O-O 11. Qe2 c5 12. c3 Rc8 13. a4 cxd4 14. cxd4 Nd5 15. a5 N7f6 16. axb6 Qxb6 17. Ba5 Qb3 18. Nd2 Qxb2 19. Rab1 Qxd4 20. Nf3 Qc5 21. Rxb7 Qxa5 22. Ne4 Nf4 23. Qe3 Nxd3 24. Qxd3 Nxe4 25.
Rxe7 Nf6 26. h3 Rfd8 27. Qe3 Rc7 28. Rxc7 Qxc7 29. Ra1 a5 30. Qa3 Ra8 31. Nd4 a4 32.
Nb5 Qc4 33. Nc3 Nd5 34. Nxd5 exd5 35. Rc1 Qb3 36. Qd6 a3 37. Qc6 Rb8 38. Re1 a2 39.
Kh2 Qb2 40. Re8+ Rxe8 41. Qxe8+ Kh7 42. Qxf7 a1=Q 43. Qf5+ g6 44. Qf7+ Qg7 45. Qxd5 Qae5+ 0-1

[Event "Late-Titled-Tuesday-Blitz-February-06-2024"]
[Site "Chess.com"]
[Date "2024.02.06"]
[Round "3"]
[White "ilya2700"]
[Black "TanitoluwaAps116"]
[Result "0-1"]
[WhiteElo "2343"]
[BlackElo "2826"]
[TimeControl "180+1"]
[EndTime "14:29:36 PST"]
[Termination "TanitoluwaAps116 won on time"]

1. d4 Nf6 2. c4 e6 3. Nf3 b6 4. g3 Ba6 5. b3 Bb4+ 6. Bd2 Be7 7.
Bg2 c6 8. Bc3 d5 9. Ne5 Nfd7 10.
Nxd7 Nxd7 11. Nd2 O-O 12. O-O f5 13. f3 Bf6 14. e4 c5 15. exd5 cxd4 16. Bb4 e5 17.
Bxf8 Qxf8 18. Qc2 g6 19. Rae1 Rc8 20. Qd3 Qa3 21. g4 Nc5 22. Qb1 Qb4 23. Rd1 Bg5 24.
gxf5 Bxd2 25. fxg6 d3 26. gxh7+ Kh8 27. Qa1 Bf4 28.
Rfe1 Re8 29. Bh3 d2 30. Re2 Nd3 31. Be6 Qc5+ 32. Kg2 Bc8 33. Qb1 Bxe6 34. Qxd3 Bf7 35. Qf5 Rf8 36. Rxe5 Bxe5 37. Qxe5+ Kxh7 38. Qh5+ Bxh5 0-1

[Event "Late-Titled-Tuesday-Blitz-February-06-2024"]
[Site "Chess.com"]
[Date "2024.02.06"]
[Round "3"]
[White "OneTrickPony_82"]
[Black "trriinu"]
[Result "1-0"]
[WhiteElo "2541"]
[BlackElo "2197"]
[TimeControl "180+1"]
[EndTime "14:29:39 PST"]
[Termination "OneTrickPony_82 won by resignation"]

1. d4 d5 2. c4 e5 3. dxe5 d4 4. Nf3 Nc6 5. a3 Nge7 6. b4 Ng6 7. Bb2 a5 8. b5 Ncxe5 9. Nxe5 Nxe5 10. Qxd4 Qxd4 11.
Bxd4 Nxc4 12. e3 Be6 13. Be2 f6 14. O-O Be7 15. Rc1 Nd6 16. Rxc7 Bd8 17. Rc1 a4 18. Nd2 O-O 19. Bc5 Be7 20. Bf3 Rab8 21. Ne4 Rfd8 22. Bb6 Rdc8 23. Bc7 Rxc7 24. Rxc7 Bd8 25. Rcc1 Nxb5 26.
Nc5 Bf7 27. Nd7 Ra8 28. Bxb7 Ra7 29. Rc8 Rxb7 30. Rxd8+ Be8 31. Rxe8+ Kf7 32. Rf8+ Ke7 33. Rg8 Kxd7 34. Rxg7+ Kc6 35. Rxb7 Kxb7 36. g4 Kc6 37. h4 Kc5 38. g5 fxg5 39. hxg5 Kc4 40. f4 Kc3 41. f5 Kb2 42. Rd1 Nxa3 43. g6 hxg6 44.
fxg6 Nc2 45. g7 Nxe3 46. Rd2+ Kc3 47. Ra2 Kb3 48. Re2 1-0

[Event "Late-Titled-Tuesday-Blitz-February-06-2024"]
[Site "Chess.com"]
[Date "2024.02.06"]
[Round "3"]
[White "elchacal664"]
[Black "SocoLoco"]
[Result "1-0"]
[WhiteElo "2405"]
[BlackElo "2177"]
[TimeControl "180+1"]
[EndTime "14:29:39 PST"]
[Termination "elchacal664 won on time"]

1. e4 c5 2. Nf3 e6 3. d4 cxd4 4. Nxd4 Nf6 5. Nc3 Nc6 6. Nxc6 bxc6 7. Bd3 d5 8. O-O Be7 9. Kh1 O-O 10. f4 Rb8 11. b3 Qa5 12. Bb2 Bb4 13. Na4 Nxe4 14. Qg4 f6 15. a3 Bd6 16. Qh5 Qc7 17. Bxe4 dxe4 18. Nc5 f5 19. Bd4 Qe7 20. b4 a5 21. c3 axb4 22. axb4 e5 23. fxe5 Bxe5 24. Rad1 g6 25. Qh6 Qg7 26. Qg5 h6 27. Qh4 g5 28.
Qh5 Bxd4 29. Rxd4 Kh7 30. Rd6 Rf6 31. Rfd1 Qf7 32. Qe2 g4 33. h3 h5 34. h4 Kg6 35.
Qe3 f4 36. Qxe4+ Bf5 37. Qxf4 Kg7 38. Qg5+ Qg6 39. Rxf6 Qxg5 40. hxg5 Bc2 41. Rd2 Bb1 42. g3 h4 43. gxh4 Re8 44. Rd7+ Kg8 45. Re6 1-0

[Event "Late-Titled-Tuesday-Blitz-February-06-2024"]
[Site "Chess.com"]
[Date "2024.02.06"]
[Round "3"]
[White "Hamisandwich"]
[Black "igorkovalenko"]
[Result "0-1"]
[WhiteElo "2737"]
[BlackElo "2999"]
[TimeControl "180+1"]
[EndTime "14:29:42 PST"]
[Termination "igorkovalenko won by resignation"]

1. Nf3 Nf6 2. g3 b5 3. Bg2 Bb7 4. Na3 a6 5. c4 b4 6. Nc2 a5 7. d4 e6 8. O-O Be7 9. Bf4 O-O 10. Ne5 Bxg2 11. Kxg2 d6 12. Nd3 Nbd7 13. Re1 Qb8 14. e4 Qb7 15. f3 Rfd8 16. d5 Nf8 17. g4 c6 18. dxe6 Nxe6 19. Bg3 Nd7 20. Ne3 Ndc5 21. Nf5 Bf8 22. Nf4 Nxf4+ 23. Bxf4 Qd7 24.
Qe2 Qe6 25. Rad1 Rd7 26. Nd4 Qf6 27. Bg3 Rc8 28. h4 g6 29. g5 Qe7 30. b3 Bg7 31. Nc2 Ne6 32. Qf2 h6 33. f4 hxg5 34. hxg5 Qd8 35. Rh1 Nc5 36. f5 Nxe4 37. Qf3 Nxg5 38.
Qg4 gxf5 39. Qxf5 Qf6 40. Ne3 Re8 41. Rhf1 Rxe3 42. Qxf6 Bxf6 43. Rxf6 Rxg3+ 0-1

[Event "Late-Titled-Tuesday-Blitz-February-06-2024"]
[Site "Chess.com"]
[Date "2024.02.06"]
[Round "3"]
[White "Adar_07"]
[Black "WPWPWP-2015"]
[Result "1-0"]
[WhiteElo "2719"]
[BlackElo "2487"]
[TimeControl "180+1"]
[EndTime "14:29:42 PST"]
[Termination "Adar_07 won by resignation"]

1. d4 Nf6 2. Nf3 e6 3. Bg5 h6 4. Bxf6 Qxf6 5. e4 d6 6. Nc3 Qd8 7. g3 Be7 8. Bg2 O-O 9. O-O Nd7 10. Re1 c6 11. Qd2 e5 12. Rad1 Qc7 13. dxe5 dxe5 14. Bh3 Nc5 15. Bxc8 Raxc8 16. Kg2 Ne6 17. Qd7 Bf6 18.
Qxc7 Rxc7 19. Rd2 Rd8 20. Red1 Rxd2 21. Rxd2 Kf8 22. Nd1 Ke8 23. Ne3 Nc5 24. Nc4 Nxe4 25. Re2 Nc5 26. Nfxe5 Bxe5 27. Rxe5+ Ne6 28. f4 Kf8 29. f5 Nd8 30. Nd6 Re7 31. Rxe7 Kxe7 32. Ne4 b6 33. Kf3 c5 34. Nc3 Nc6 35. Ke4 Nb4 36.
Nd5+ Nxd5 37. Kxd5 Kf6 38. Kc6 Kxf5 39. Kb7 Ke5 40.
Kxa7 f5 41. Kxb6 g5 42. a4 f4 43. gxf4+ gxf4 44. a5 f3 45. a6 f2 46. a7 f1=Q 47.
a8=Q Qf6+ 48. Qc6 Qd8+ 49. Qc7+ Qxc7+ 50. Kxc7 Kf4 51. Kc6 Kf3 52. Kxc5 Kg2 53. h4 1-0

[Event "Late-Titled-Tuesday-Blitz-February-06-2024"]
[Site "Chess.com"]
[Date "2024.02.06"]
[Round "3"]
[White "N_Mullodzhanov"]
[Black "Doublekk14"]
[Result "1-0"]
[WhiteElo "2472"]
[BlackElo "2311"]
[TimeControl "180+1"]
[EndTime "14:29:42 PST"]
[Termination "N_Mullodzhanov won on time"]

1. e4 c5 2. c3 d5 3. exd5 Qxd5 4. d4 Nc6 5. Nf3 e6 6. Na3 Nf6 7. Be3 cxd4 8. Nb5 Qd8 9. Nbxd4 Nxd4 10. Qxd4 Qxd4 11. Nxd4 Bd7 12. O-O-O a6 13. Be2 Be7 14.
Bf3 Bc8 15. Rhe1 O-O 16. Bf4 Rd8 17. c4 h6 18. Be5 Bb4 19. Nb3 Bd7 20. Re3 Bc6 21.
Rxd8+ Rxd8 22. Bxc6 bxc6 23. Bxf6 gxf6 24. Kc2 f5 25. a3 Be7 26. Rd3 Rb8 27. Na5 Bf6 28.
Rb3 Rc8 29. Rb6 c5 30. Rxa6 Rd8 31. Nc6 Rd7 32. b4 cxb4 33. axb4 Bg5 34. Kb3 Rd3+ 35. Ka4 Rd2 36. b5 Rxf2 37. b6 Ra2+ 38. Kb5 Rb2+ 39. Nb4 Bd2 40. Ra4 Bf4 41. b7 Bc7 42. Ra5 Kg7 43.
Ra8 Kf6 44. b8=Q Bxb8 45. Rxb8 e5 46. Kc6 1-0

[Event "Late-Titled-Tuesday-Blitz-February-06-2024"]
[Site "Chess.com"]
[Date "2024.02.06"]
[Round "3"]
[White "Nf3c5"]
[Black "Jarrahi2452"]
[Result "0-1"]
[WhiteElo "2573"]
[BlackElo "2802"]
[TimeControl "180+1"]
[EndTime "14:29:43 PST"]
[Termination "Jarrahi2452 won on time"]

1. d4 d5 2. Nf3 Nf6 3. e3 Bf5 4. c4 e6 5. Nc3 c6 6. Nh4 Be4 7. f3 Bg6 8. Qb3 Qb6 9. Nxg6 hxg6 10. Bd2 Nbd7 11. Qc2 dxc4 12. Bxc4 Bd6 13. O-O-O Nd5 14. Ne2 a5 15. a3 Qc7 16. e4 b5 17. Bd3 N5b6 18.
e5 Be7 19. Bxb5 Rc8 20. Ba6 Ra8 21. Bd3 Nd5 22. Nf4 c5 23. Nxd5 exd5 24. e6 fxe6 25. Bxg6+ Kd8 26. Bf7 Ra6 27. Rhe1 Nf8 28. dxc5 Rc6 29.
Kb1 Bf6 30. Bg6 Rxc5 31. Qd3 e5 32. Bf5 Rxh2 33. Re2 Qb6 34. Bc3 d4 35. Be1 Ne6 36.
Bxe6 Qxe6 37. Qxd4+ exd4 38. Rxe6 Rxg2 39. Ra6 Rb5 40.
b4 axb4 41. Bxb4 Rf2 42. Ra8+ Kc7 43. Rd3 Rh5 44. Rd1 Rhh2 45. Rc1+ Kb7 46. Rcc8 Rb2+ 47. Kc1 Bg5+ 48. Kd1 Rb1+ 0-1

[Event "Late-Titled-Tuesday-Blitz-February-06-2024"]
[Site "Chess.com"]
[Date "2024.02.06"]
[Round "3"]
[White "Bilan_Danila"]
[Black "emeli_chess"]
[Result "1-0"]
[WhiteElo "2608"]
[BlackElo "2392"]
[TimeControl "180+1"]
[EndTime "14:29:43 PST"]
[Termination "Bilan_Danila won on time"]

1. d4 Nf6 2. Nf3 d5 3. c4 e6 4.
Nc3 Bb4 5. Qb3 Nc6 6. Bg5 dxc4 7.
Qxc4 Qd5 8. Qxd5 Nxd5 9. Kd2 h6 10. Bh4 f5 11. h3 f4 12. e4 Nb6 13. a3 Bxc3+ 14.
bxc3 g5 15. Nxg5 hxg5 16. Bxg5 e5 17. d5 Na5 18. Kc2 Kf7 19. Be2 Nbc4 20. h4 Nd6 21.
Bf3 b6 22. g3 fxg3 23. fxg3 Nac4 24. Rhf1 Kg7 25. Be2 Ba6 26. Bd3 Raf8 27. a4 Kg6 28. g4 Bc8 29. Rf5 Bxf5 30. exf5+ Kf7 31. Re1 e4 32. Bxc4 Nxc4 33. Rxe4 Re8 34. Rxc4 Re2+ 35. Kd3 Rg2 36. Rxc7+ Kg8 37. Bf6 Rh7 38. Rc8+ Kf7 39. g5 Rxh4 40. Rc7+ Ke8 41. g6 1-0

[Event "Late-Titled-Tuesday-Blitz-February-06-2024"]
[Site "Chess.com"]
[Date "2024.02.06"]
[Round "3"]
[White "mjelcic"]
[Black "SamCopeland"]
[Result "0-1"]
[WhiteElo "2200"]
[BlackElo "2408"]
[TimeControl "180+1"]
[EndTime "14:29:43 PST"]
[Termination "SamCopeland won by checkmate"]

1. c4 f5 2. Nc3 Nf6 3. g3 g6 4. Bg2 Bg7 5. e3 O-O 6. Nge2 e5 7. O-O Nc6 8. d4 e4 9. h4 h6 10. Nf4 g5 11. hxg5 hxg5 12. Ng6 Rf7 13. d5 Ne7 14.
Ne5 Rf8 15. d6 cxd6 16. Qxd6 Ne8 17. Qd4 d6 18. Rd1 Nc7 19. Qxd6 Qxd6 20. Rxd6 Bxe5 21. Rd1 Nc6 22. Nd5 Nxd5 23. Rxd5 Be6 24. Rb5 Rad8 25. Rxb7 Rd1+ 26. Kh2 Bxc4 27. a4 Na5 28.
Re7 Bf6 29. Rc7 Bf7 30. Rc5 Nb3 31. Rxf5 Nxa1 32. Rxf6 Rxc1 33. Bxe4 Kg7 34. Rf5 Bg6 35. Rxg5 Rf6 36. f4 Kf7 37. Bd5+ Ke7 38. Re5+ Kd6 39.
Bf3 Nb3 40. Rb5 Nd2 41. Bg2 Nf1+ 42. Kh3 Nxe3 43. Bf3 Bf5+ 44. g4 Rh6+ 45. Kg3 Rg1+ 46. Kf2 Rxg4 47. Kxe3 Rh3 48. Rxf5 Rgg3 49. Rc5 Kxc5 50.
Ke4 Rxf3 51. Kf5 Rh4 52. Kg5 Rfxf4 53. Kg6 Rhg4+ 54. Kh5 Rg2 55. b4+ Kc4 56. a5 Rf1 57. Kh4 Rh1# 0-1

[Event "Late-Titled-Tuesday-Blitz-February-06-2024"]
[Site "Chess.com"]
[Date "2024.02.06"]
[Round "3"]
[White "chenxiaoyuer"]
[Black "Msb2"]
[Result "1-0"]
[WhiteElo "2754"]
[BlackElo "2991"]
[TimeControl "180+1"]
[EndTime "14:29:46 PST"]
[Termination "chenxiaoyuer won by checkmate"]

1. e4 e6 2. d4 d5 3. Nd2 c5 4. Ngf3 Nf6 5. e5 Nfd7 6. c3 Nc6 7. Bd3 f6 8. exf6 Nxf6 9. O-O cxd4 10. cxd4 Bd6 11.
Re1 O-O 12. b3 Bd7 13. Bb2 Be8 14. Rxe6 Bh5 15. h3 Qd7 16. Bf5 Ne7 17. Rxf6 Nxf5 18. Rxf8+ Rxf8 19. Qc2 Bg6 20. Re1 Nxd4 21. Qc3 Nc2 22.
Rc1 Bb4 23. Qe5 Re8 24. Qf4 Bd6 25. Qg5 Be7 26. Qg3 Bd6 27. Be5 Nd4 28. Re1 Nf5 29. Qf4 Bf8 30. Rc1 Rc8 31. Rxc8 Qxc8 32. g4 Nh6 33.
Nd4 Nf7 34. N2f3 Be7 35. Kh2 h6 36. h4 Qd7 37. Qg3 Be4 38. Bf4 Bc5 39. Ne5 Qe8 40.
Nxf7 Qxf7 41. Be5 Kh7 42. f4 Bxd4 43. Bxd4 Qc7 44. f5 Qc2+ 45. Qf2 Qd1 46. Kg3 Qd3+ 47.
Kf4 h5 48. Kg5 hxg4 49. f6 gxf6+ 50. Qxf6 Qd2+ 51. Kh5 g3 52. Qg7# 1-0

[Event "Late-Titled-Tuesday-Blitz-February-06-2024"]
[Site "Chess.com"]
[Date "2024.02.06"]
[Round "3"]
[White "lluiss"]
[Black "Truequitos"]
[Result "1-0"]
[WhiteElo "2160"]
[BlackElo "2522"]
[TimeControl "180+1"]
[EndTime "14:29:46 PST"]
[Termination "lluiss won on time"]

1. e4 e6 2. d4 d5 3. e5 c5 4. Nf3 Nc6 5. dxc5 Bxc5 6. Bd3 Nge7 7. O-O Ng6 8. Qe2 Qc7 9. Re1 Bd7 10. h4 O-O-O 11. h5 Nge7 12. c3 f6 13. b4 Bb6 14. a4 a5 15. Na3 Nxe5 16. Nxe5 fxe5 17.
Nb5 Bxb5 18. Bxb5 e4 19. c4 Bd4 20. Rb1 Rhf8 21. Be3 Qe5 22. Bxd4 Qxd4 23. Red1 Qe5 24. bxa5 d4 25. a6 b6 26. c5 bxc5 27. a7 Kc7 28.
Ba6 Ra8 29. Rb7+ Kd6 30. Qb5 Nc6 31. Rxg7 Qxg7 32. Bb7 Qc7 33. Rc1 Rxa7 34. Qxc5+ Kd7 35. Bxc6+ Qxc6 36. Qxc6+ Ke7 37. Qc5+ Kf6 38. Qxd4+ Kg5 39. Qxa7 Rf5 40. Qe3+ Kxh5 41. Ra1 Ra5 42. Qc3 Ra6 43. Qd4 e3 44. Qxe3 Kg6 45. Qd3+ 1-0

[Event "Late-Titled-Tuesday-Blitz-February-06-2024"]
[Site "Chess.com"]
[Date "2024.02.06"]
[Round "3"]
[White "Oleksandr_Bortnyk"]
[Black "maciek_92"]
[Result "0-1"]
[WhiteElo "3078"]
[BlackElo "2810"]
[TimeControl "180+1"]
[EndTime "14:29:47 PST"]
[Termination "maciek_92 won on time"]

1. e4 c5 2. c3 Nf6 3. e5 Nd5 4. d4 cxd4 5. Nf3 Nc6 6. cxd4 d6 7. Bc4 e6 8. O-O Be7 9. Qe2 O-O 10. Rd1 Bd7 11.
Bd2 Rc8 12. Nc3 Nxc3 13. Bxc3 Qc7 14. Bd3 Rfd8 15. Rac1 dxe5 16. dxe5 Be8 17. Qe4 g6 18. h4 Rd5 19. Re1 Rcd8 20. Bc4 R5d7 21. h5 Qb6 22. a3 Na5 23. Bxa5 Qxa5 24. Qf4 Rc7 25. Rcd1 Rxd1 26.
Rxd1 Qa4 27. Rd4 Qc2 28. b4 b5 29. Bf1 Qb1 30. h6 Rc1 31. Nd2 Qb2 32. Ne4 Kf8 33. Nf6 Bxf6 34. exf6 Qa1 35. Qd6+ Kg8 36. Qb8 Rxf1+ 37. Kh2 Rh1+ 38. Kg3 Qc3+ 39. f3 Qe1+ 40. Kf4 e5+ 41. Qxe5 Qh4+ 42. Ke3 Re1+ 43. Kd3 Qf2 44. Re4 Rd1+ 45. Kc3 Qd2+ 46. Kb3 Rb1+ 0-1

[Event "Late-Titled-Tuesday-Blitz-February-06-2024"]
[Site "Chess.com"]
[Date "2024.02.06"]
[Round "3"]
[White "GlavkonVVS"]
[Black "Onthequiet"]
[Result "0-1"]
[WhiteElo "2629"]
[BlackElo "2454"]
[TimeControl "180+1"]
[EndTime "14:29:47 PST"]
[Termination "Onthequiet won by resignation"]

1. c4 e6 2. g3 d5 3. Bg2 Nf6 4. Nf3 Be7 5. O-O O-O 6. b3 Nbd7 7. Bb2 b6 8. d3 Bb7 9. Nbd2 c5 10. a3 Rc8 11. Rc1 Qc7 12. Qc2 Qb8 13. Rfd1 Rfd8 14. e3 Bf8 15. Qb1 Qa8 16. cxd5 Nxd5 17. Qa1 b5 18. d4 a6 19. h4 h6 20. Qb1 N5f6 21.
dxc5 Rxc5 22. Rxc5 Nxc5 23. Bxf6 gxf6 24. Ne1 Bxg2 25.
Nxg2 Qd5 26. Nf4 Qd6 27. Kh2 f5 28. b4 Na4 29. Qc2 Bg7 30. e4 Nc3 31. e5 Bxe5 32. Nc4 Qxd1 33. Qxd1 Nxd1 34. Nxe5 Nxf2 35. Nc6 Ng4+ 36. Kg1 Rd1+ 37. Kg2 Ra1 38. Nh5 Ra2+ 39. Kg1 Rxa3 40. Ne7+ Kf8 41. Nc6 Ke8 42. Kf1 Kd7 43. Nd4 Ra1+ 44. Ke2 Rb1 45. Nc2 Rb2 46. Kd3 e5 47.
Kc3 Rb1 48. Ng7 f4 49. Nf5 Ke6 50. Ng7+ Kf6 51. gxf4 Kxg7 52. fxe5 Nxe5 53. Nd4 Rc1+ 54. Kb3 Kf6 55. Ne2 Rc4 56. Ng3 Rxh4 57. Ne2 0-1

[Event "Late-Titled-Tuesday-Blitz-February-06-2024"]
[Site "Chess.com"]
[Date "2024.02.06"]
[Round "3"]
[White "Horokoskii"]
[Black "Felix-Rose"]
[Result "0-1"]
[WhiteElo "2142"]
[BlackElo "2379"]
[TimeControl "180+1"]
[EndTime "14:29:47 PST"]
[Termination "Felix-Rose won by resignation"]

1. d4 d5 2. c4 e6 3. Nc3 Nf6 4. cxd5 exd5 5. Bg5 c6 6. Qc2 Be7 7. e3 Nbd7 8. Bd3 h6 9. Bh4 Nh5 10. Bxe7 Qxe7 11. Nf3 Nf4 12. Bf1 O-O 13. O-O-O Ne6 14. g4 b5 15. h4 Bb7 16. Bd3 b4 17. Ne2 c5 18. Kb1 c4 19. Bf5 b3 20. axb3 cxb3 21. Qxb3 Rab8 22. g5 Ba6 23. Qc2 Rfc8 24. Qd2 Nb6 25.
Bd3 Bxd3+ 26. Qxd3 Nc4 27. Rd2 Nxd2+ 28. Nxd2 Qb4 29.
b3 h5 30. g6 fxg6 31. Rg1 Nf8 32. e4 dxe4 33. Qe3 a5 34. Nc1 Rc3 35. Qxe4 Rbc8 36.
Nd3 Qa3 37. Nc5 a4 38. Re1 axb3 39. Qd5+ Kh8 40. Ndxb3 Rb8 41. Qf7 Rcxb3+ 42. Nxb3 Rxb3+ 43. Kc2 Qa2+ 0-1

[Event "Late-Titled-Tuesday-Blitz-February-06-2024"]
[Site "Chess.com"]
[Date "2024.02.06"]
[Round "3"]
[White "Korchmar_Vasiliy"]
[Black "jefferyx"]
[Result "0-1"]
[WhiteElo "2719"]
[BlackElo "2986"]
[TimeControl "180+1"]
[EndTime "14:29:49 PST"]
[Termination "jefferyx won on time"]

1. e4 c5 2. d4 cxd4 3. Qxd4 Nc6 4. Qd3 g6 5. Nc3 Bg7 6. Nf3 d6 7. Be2 Bg4 8. O-O Nf6 9. Nd5 Nd7 10. c3 e6 11. Ne3 Bxf3 12. Bxf3 Nde5 13. Qd1 O-O 14. Be2 f5 15. exf5 gxf5 16. f4 Nf7 17.
Nc4 d5 18. Nd2 Nd6 19. Nf3 Qb6+ 20. Kh1 Ne4 21. Qe1 d4 22. cxd4 Nxd4 23. Bd3 Nc5 24. Bb1 Nxf3 25. Rxf3 Bxb2 26. Rb3 Nxb3 27. Bxb2 Nd4 28.
Bc3 Rac8 29. Bd3 Rfd8 30. Ba5 Qd6 31. Bxd8 Rxd8 32. Bc4 b5 33. Bb3 Qxf4 34. Bxe6+ Kh8 35. Bb3 Nxb3 36. axb3 Qd4 37. h3 Rg8 38. Qf1 f4 39. Ra5 Re8 40. Ra1 f3 41. gxf3 Qc3 42. Rc1 Qxb3 43. Rb1 Qc3 44. Rc1 Qd2 45. Rd1 Qe3 46.
Rd3 Qe1 47. Kh2 Qxf1 0-1

[Event "Late-Titled-Tuesday-Blitz-February-06-2024"]
[Site "Chess.com"]
[Date "2024.02.06"]
[Round "3"]
[White "TigrVShlyape"]
[Black "dedpihto_v_kozhanom_palto"]
[Result "1/2-1/2"]
[WhiteElo "2931"]
[BlackElo "2690"]
[TimeControl "180+1"]
[EndTime "14:29:50 PST"]
[Termination "Game drawn by repetition"]

1. d4 g6 2. c3 Bg7 3. e4 d6 4. Nf3 Nc6 5. Bd3 e5 6. dxe5 Nxe5 7. Nxe5 dxe5 8. Be3 Nf6 9. f3 O-O 10. O-O Be6 11. Qe2 Nh5 12. Bc4 Qe7 13. Bxe6 Qxe6 14.
Na3 Nf4 15. Qc4 Qe7 16. Rad1 Rfd8 17. Bxf4 exf4 18. Nc2 c6 19. a4 Be5 20. Nb4 Bc7 21. Kh1 a5 22. Nc2 h5 23. Nd4 Be5 24. Rd2 Rd6 25. Rfd1 Rad8 26. Kg1 R6d7 27. Kf1 Bc7 28. h3 Bb6 29. Qe2 Bxd4 30. cxd4 Qb4 31. e5 Rxd4 32. Rxd4 Rxd4 33. Rxd4 Qxd4 34. e6 fxe6 35.
Qxe6+ Kg7 36. Qe7+ Kh6 37. Qxb7 Qxa4 38. Qf7 Qd1+ 39.
Kf2 Qd4+ 40. Kf1 Qd6 41. h4 a4 42. Qe8 Qd1+ 43. Kf2 Qd4+ 44. Kf1 Qxb2 45. Qf8+ Kh7 46. Qf7+ Qg7 47. Qxf4 Qa7 48. Qc4 a3 49. Qa2 Qa4 50. Qf7+ Kh6 51. Qf8+ Kh7 52. Qf7+ Kh6 53. Qf8+ Kh7 54.
Qf7+ 1/2-1/2

[Event "Late-Titled-Tuesday-Blitz-February-06-2024"]
[Site "Chess.com"]
[Date "2024.02.06"]
[Round "3"]
[White "inagreV"]
[Black "dennisodessa"]
[Result "0-1"]
[WhiteElo "2349"]
[BlackElo "2586"]
[TimeControl "180+1"]
[EndTime "14:29:50 PST"]
[Termination "dennisodessa won by resignation"]

1. d4 e6 2. Bf4 Nf6 3. Nf3 c5 4. e3 Nc6 5. Nc3 cxd4 6. exd4 Be7 7. Nb5 d6 8. c4 O-O 9. Be2 Nh5 10. Be3 d5 11. cxd5 exd5 12. Ne5 Nf6 13. Nxc6 bxc6 14. Nc3 Qb6 15. Qc2 Rb8 16. b3 c5 17. Na4 Qb4+ 18.
Bd2 Qxd4 19. O-O Be6 20. Be3 Qh4 21. Nxc5 Rfc8 22. a3 d4 23. g3 Qh3 24. Bxd4 Bd5 25. f3 Bxc5 26. Bxc5 Ng4 27. Rf2 Nxf2 28. Bf1 Qh5 29.
Qxf2 Qxf3 30. Qxf3 Bxf3 31. b4 Ra8 32. Ba6 Re8 33. Rf1 Be2 34. Bxe2 Rxe2 35. Rd1 Ra2 36. Rd3 h6 37. b5 Rb2 38. Bb4 Rb8 39. Rd7 Rxb5 40.
Rxa7 Rd5 41. Re7 Rd1+ 42. Re1 Rxe1+ 43. Bxe1 Ra2 44. Bb4 g5 45. h3 f5 46. Kf1 Kf7 47. Kg1 h5 48. Kh1 Ke6 49. Kg1 f4 50. gxf4 gxf4 51.
Kh1 Kd5 52. Kg1 Ke4 53. Kf1 Kf3 54. Kg1 Kg3 55. Be1+ Kxh3 0-1

[Event "Late-Titled-Tuesday-Blitz-February-06-2024"]
[Site "Chess.com"]
[Date "2024.02.06"]
[Round "3"]
[White "ChessFighter1975"]
[Black "goldihouse"]
[Result "1-0"]
[WhiteElo "2445"]
[BlackElo "2607"]
[TimeControl "180+1"]
[EndTime "14:29:51 PST"]
[Termination "ChessFighter1975 won on time"]

1. d4 Nf6 2. c4 e6 3. Bg5 Bb4+ 4. Nd2 c5 5. dxc5 h6 6. Bh4 O-O 7. Nf3 Nc6 8. a3 Bxc5 9. b4 Be7 10. e4 d5 11. cxd5 exd5 12. e5 Ne4 13. Bg3 Bf5 14. Be2 Nc3 15. Qb3 d4 16. Rc1 Rc8 17. Nxd4 Nxd4 18.
Qxc3 Rxc3 19. Rxc3 Nxe2 20. Kxe2 Qd4 21. Rhc1 Rd8 22. Nf3 Qd5 23. Kf1 Qb5+ 24. Kg1 Qe2 25. h3 Rd1+ 26. Rxd1 Qxd1+ 27. Kh2 Be6 28. Rc7 Bd8 29.
Rxb7 Bb6 30. Rb8+ Kh7 31. Nh4 Qd3 32. a4 g5 33. Nf3 Bd5 34. a5 Bc7 35. Rc8 Bxa5 36.
bxa5 Bxf3 37. gxf3 Qxf3 38. Rc7 Kg6 39. Rxa7 h5 40. Ra6+ Kg7 41. h4 gxh4 42. Bxh4 Qf4+ 43. Bg3 Qg4 44. e6 fxe6 45. Be5+ Kg6 46. Ra8 Kf5 47. Bg3 h4 48. Rf8+ Ke4 49. Rf4+ Qxf4 50.
Bxf4 Kxf4 51. a6 1-0

[Event "Late-Titled-Tuesday-Blitz-February-06-2024"]
[Site "Chess.com"]
[Date "2024.02.06"]
[Round "3"]
[White "Beca95"]
[Black "Karttunen"]
[Result "1-0"]
[WhiteElo "2954"]
[BlackElo "2639"]
[TimeControl "180+1"]
[EndTime "14:29:52 PST"]
[Termination "Beca95 won by resignation"]

1. e4 c5 2. Nf3 d6 3. d4 cxd4 4.
Qxd4 e5 5. Bb5+ Nc6 6. Qd3 h6 7. c4 a6 8. Ba4 Be7 9. Nc3 Nf6 10. O-O O-O 11. Nd5 Nxd5 12. cxd5 Nb8 13. Be3 f5 14. Bb3 Kh8 15. a4 fxe4 16. Qxe4 Bf5 17. Qb4 Nd7 18. Nd2 Nc5 19. Bxc5 dxc5 20. Qc3 Bd6 21. Nc4 e4 22. a5 Qe7 23. Rac1 Rac8 24. Rfe1 Bf4 25. Ra1 Rce8 26. g3 Bc7 27. f4 Kh7 28. Rad1 Bd6 29. Rd2 Qc7 30. Rde2 Re7 31. Bc2 Rfe8 32. Kg2 Kh8 33. h3 Bh7 34. Rf1 Rf8 35.
Rfe1 Rfe8 36. Re3 Qd7 37. Bb3 Bc7 38. d6 Bxd6 39. Rd1 Re6 40. Nb6 Qc6 41. Bxe6 Rxe6 42. Qc4 Rf6 43. Qd5 Qb5 44. Rd2 Qxa5 45. Nc4 Bg8 46.
Nxa5 Bxd5 47. Rxd5 Bc7 48. Nxb7 Bb6 49. Nxc5 1-0

[Event "Late-Titled-Tuesday-Blitz-February-06-2024"]
[Site "Chess.com"]
[Date "2024.02.06"]
[Round "3"]
[White "ChEsper99"]
[Black "Petukhov_Dmitry"]
[Result "0-1"]
[WhiteElo "2234"]
[BlackElo "2551"]
[TimeControl "180+1"]
[EndTime "14:29:52 PST"]
[Termination "Petukhov_Dmitry won by resignation"]

1. e4 c5 2. Nf3 d6 3. Bb5+ Nc6 4. h3 Bd7 5. O-O g5 6. d4 cxd4 7. Nxd4 g4 8. hxg4 Nf6 9. Nc3 Nxg4 10. Nxc6 bxc6 11. Bxc6 Bxc6 12. Qxg4 h5 13. Qe2 h4 14. b3 Bg7 15. Bb2 Rg8 16. Rab1 Qa5 17. Nd5 Bxd5 18. Bxg7 Rxg7 19. exd5 Qxd5 20. f3 Kd7 21. c4 Qc5+ 22. Qf2 Rag8 23. Qxc5 Rxg2+ 24. Kh1 dxc5 25. Rbd1+ Kc6 26. Rg1 h3 27. Rxg2 Rxg2 28. Rd3 Rxa2 29. Re3 e6 30. f4 h2 31. Rh3 Rb2 32.
Rxh2 Rxb3 33. Rh7 Rb7 34. Kg2 a5 35. Kf3 a4 36. Ke3 a3 37. Rh1 a2 38. Ra1 Ra7 39. Ke4 Kd6 40. f5 Ra4 41. fxe6 fxe6 42. Kd3 e5 43.
Kc3 Ke6 44. Kb3 Ra6 45. Rxa2 Rxa2 46. Kxa2 Kf5 47. Kb3 Ke4 48. Kc2 Kd4 0-1